 Dungeon Crawl Stone Soup version 0.23.2 (webtiles) character file.

Game seed: 12228242512238534181

46 PikkenKukken the Charmwright (level 3, 0/24 HPs)
             Began as a Halfling Skald on Apr 6, 2019.
             Slain by a goblin
             ... wielding a +0 dagger of electrocution
             ... led by Robin
              (15 damage)
             ... on level 2 of the Dungeon.
             The game lasted 00:02:37 (1509 turns).

PikkenKukken the Charmwright (Halfling Skald)       Turns: 1509, Time: 00:02:37

Health: 0/24       AC:  5    Str: 12    XL:     3   Next: 92%
Magic:  5/5        EV: 13    Int: 11    God:
Gold:   35         SH:  0    Dex: 14    Spells: 1/5 levels left

rFire    . . .     SeeInvis .   a - +0 falchion
rCold    . . .     Gourm    .   (shield restricted)
rNeg     . . .     Faith    .   h - +0 ring mail
rPois    .         Spirit   .   (no helmet)
rElec    .         Reflect  .   (no cloak)
rCorr    .         Harm     .   (no gloves)
MR       .....                  (no boots)
Stlth    +.........             (no amulet)
HPRegen  0.08/turn              (no ring)
MPRegen  0.09/turn              (no ring)

@: no status effects
A: small, mutation resistance 1
a: no special abilities


You were on level 2 of the Dungeon.
You were very hungry.

You visited 1 branch of the dungeon, and saw 2 of its levels.

You collected 35 gold pieces.

Inventory:

Hand Weapons
 a - a +0 falchion (weapon)
Armour
 h - a +0 ring mail (worn)
Scrolls
 e - 3 scrolls of remove curse {unknown}
 f - a scroll of identify {unknown}
 g - a scroll of immolation {unknown}
 i - a scroll of enchant weapon {unknown}
Potions
 c - a potion of heal wounds {unknown}
 j - 2 potions of curing {unknown}
Comestibles
 d - 3 rations


   Skills:
 + Level 2.2 Fighting
 * Level 2.8 Long Blades
 + Level 1.9 Armour
 + Level 2.7 Dodging
 - Level 1.5 Spellcasting
 - Level 3.2 Charms


You had one spell level left.
You knew the following spells:

 Your Spells              Type           Power        Failure   Level  Hunger
a - Infusion              Chrm           #...         17%         1    ##.....
b - Regeneration          Chrm/Necr      #.........   71%         3    ####...

Your spell library contained the following spells:

 Spells                   Type           Power        Failure   Level  Hunger
 Song of Slaying          Chrm           #.......     26%         2    ###....
 Shroud of Golubria       Chrm/Tloc      #.........   45%         2    ###....
 Spectral Weapon          Hex/Chrm       #.......     71%         3    ####...


Dungeon Overview and Level Annotations

Branches:
Dungeon (2/15)

Altars:

Annotations:
D:2 Robin


Innate Abilities, Weirdness & Mutations

You are small and have problems with some larger weapons.
You are somewhat resistant to further mutation.


Message History

A goblin is nearby!
A goblin comes into view.
The goblin shouts!
The goblin wields a +0 hunting sling.
The goblin shoots a stone.
The stone hits you but does no damage.
A goblin comes into view. It is wielding a +1 dagger of flaming.
The goblin shouts! x2; You hear a shout!
A hobgoblin comes into view. It is wielding a +0 club.
The goblin shouts!
The goblin barely misses you.
Robin roars a battlecry!
The goblins go into a battle-frenzy!
You closely miss the goblin. The goblin closely misses you.
A goblin comes into view. It is wielding a +0 club.
Robin says, "Duck!"
You barely miss the goblin.
The goblin hits you with a +0 dagger of electrocution.
You are electrocuted!
Ouch! That really hurt!
You die...

.# .# .# .### .#..
.#.# .#.#
##################
.#.#
#.$gg@...........#
...#
##.gg############.#
.##########g.g.8##
#
............g....#
##########.8.>[..#
#.......# ##....8##
##.?.## #####


You could see Robin, a hobgoblin and 5 goblins.

Vanquished Creatures
  An adder (D:2)
  An ooze (D:1)
  A worm (D:2)
  A dart slug (D:1)
  3 bats (D:1)
  A giant cockroach (D:1)
  4 hobgoblins
  A kobold (D:1)
  A quokka (D:2)
  2 frilled lizards (D:1)
  9 goblins (D:1)
  A rat (D:1)
26 creatures vanquished.

Notes
Turn   | Place    | Note
-------+----------+-------------------------------------------
     0 | D:1      | PikkenKukken the Halfling Skald began the quest for the
                  | Orb.
     0 | D:1      | Reached XP level 1. HP: 14/14 MP: 3/3
    80 | D:1      | Reached XP level 2. HP: 16/19 MP: 4/4
   571 | D:1      | Reached XP level 3. HP: 24/24 MP: 5/5
   797 | D:1      | Learned a level 3 spell: Regeneration
   839 | D:2      | Noticed Robin
  1306 | D:2      | HP: 1/24 [worm (10)]
  1509 | D:2      | Slain by a goblin

Skill      XL: |  1  2 |
---------------+-------+-----
Fighting       | 2 |  2.2
Long Blades    | |  2.8
Armour         | |  1.9
Dodging        | |  2.7
Spellcasting   | |  1.5
Charms         | |  3.2

Action                   || total
-------------------------++-------
Melee: Falchion          ||    98
  Eat: Chunk             ||     1
Armor: Leather armour    ||     3
       Ring mail         ||    24
Dodge: Dodged            ||    73
       Rpst.: Falchion   ||    29
